 Dungeon Crawl Stone Soup version 0.23.2-1-ga50397a (webtiles) character file.

Game seed: 9448985238391012749

1346 Fang the Skirmisher (level 8, -3/78 HPs)
             Began as a Gargoyle Berserker on Apr 24, 2019.
             Was an Elder of Trog.
             Slain by a bullfrog (5 damage)
             ... on level 6 of the Dungeon.
             The game lasted 00:05:23 (7460 turns).

Fang the Skirmisher (Gargoyle Berserker)            Turns: 7460, Time: 00:05:24

Health: -3/78      AC:  9    Str: 28    XL:     8   Next: 62%
Magic:  8/8        EV: 13    Int:  8    God:    Trog [****..]
Gold:   303        SH:  0    Dex:  9    Spells: 7/7 levels left

rFire    . . .     SeeInvis .   a - +1 hand axe
rCold    + . .     Gourm    .   (no shield)
rNeg     + . .     Faith    .   b - +1 animal skin
rPois    ∞         Spirit   .   (no helmet)
rElec    +         Reflect  .   (no cloak)
rCorr    .         Harm     .   (no gloves)
MR       .....                  (no boots)
Stlth    ..........             (no amulet)
HPRegen  0.23/turn              g - ring of protection from cold
MPRegen  0.11/turn              (no ring)

@: berserking, very quick
A: negative energy resistance 1, electricity resistance, unbreathing,
petrification resistance, rot immunity, AC +5
a: Berserk, Trog's Hand, Brothers in Arms, Renounce Religion


You were on level 6 of the Dungeon.
You worshipped Trog.
Trog was greatly pleased with you.
You were hungry.

You visited 1 branch of the dungeon, and saw 6 of its levels.
You also visited: Sewer.

You collected 303 gold pieces.

Inventory:

Hand Weapons
 a - a +1 hand axe (weapon)
Armour
 b - a +1 animal skin (worn)
Jewellery
 g - a ring of protection from cold (left hand)
Wands
 o - a wand of acid (9)
 p - a wand of paralysis (4)
 t - a wand of digging (4)
 u - a wand of enslavement (6)
 z - a wand of flame (15)
Scrolls
 i - 10 scrolls of identify
 j - 5 scrolls of teleportation
 k - 3 scrolls of remove curse
 m - a scroll of enchant armour
 v - a scroll of fog {unknown}
 y - a scroll of fear {unknown}
Potions
 d - a potion of ambrosia {unknown}
 e - a potion of agility {unknown}
 f - a potion of resistance {unknown}
 h - a potion of invisibility {unknown}
 l - a potion of heal wounds {unknown}
 n - a potion of magic {unknown}
 q - 7 potions of flight
 r - 3 potions of curing
 s - a potion of lignification {unknown}
 w - a potion of berserk rage {unknown}
Comestibles
 c - 13 rations


   Skills:
 + Level 6.4 Fighting
 + Level 5.4 Axes
 + Level 6.0 Armour
 + Level 4.5 Dodging


You had 7 spell levels left.
You didn't know any spells.
Your spell library was empty.

Dungeon Overview and Level Annotations

Branches:
Dungeon (6/15)
 Temple: D:4-7

Altars:
Cheibriados
Elyvilon
Uskayaw
Yredelemnul

Shops:
D:4 [   D:5 [


Innate Abilities, Weirdness & Mutations

You are resistant to torment.
Your stone body is resilient. (AC +5)
You are immune to poison.
You resist negative energy. (rN+)
You are resistant to electric shocks. (rElec)
You can survive without breathing.
You are immune to petrification.
You are immune to rotting.


Message History

A red film seems to cover your vision as you go berserk!
You feel yourself moving faster!
You feel mighty!
You are feeling hungry.
The bullfrog misses you. The two-headed ogre closely misses you.
The two-headed ogre barely misses you.
You hit the two-headed ogre.
The two-headed ogre is moderately wounded.
You slash the bullfrog!
The bullfrog hits you but does no damage.
You completely miss the two-headed ogre.
The two-headed ogre is moderately wounded.
You barely miss the bullfrog. The bullfrog closely misses you.
The two-headed ogre hits you with a +0 giant spiked club!
* * * LOW HITPOINT WARNING * * *
The two-headed ogre hits you with a +0 giant spiked club!
* * * LOW HITPOINT WARNING * * *
You hit the two-headed ogre.
The two-headed ogre is heavily wounded.
You closely miss the bullfrog. The bullfrog hits you.
You die...

#.######.########## #.#
#.............
#.####.#.##########
#......#.# #...
########.### #.##
..........# #.#.
#.###########.#.#####...
>.....F.................
......O@................
#..###.###.####.#######.
#. #.# #.# #. #. #.# #.#
#. #. #.# #.# .. #. #.#
#.# .# .. #.# #. ## #.#
...


You could see a two-headed ogre and a bullfrog.

Vanquished Creatures
  A water moccasin (D:6)
  3 centaurs
  A scorpion (D:5)
  A howler monkey (D:5)
  5 crimson imps (D:5)
  2 orc wizards (D:4)
  2 orc priests (D:4)
  3 hounds
  2 iguanas (D:5)
  Natasha (thrice) (D:2)
  A merfolk avatar (Sewer)
  A merfolk siren (Sewer)
  3 worker ants
  A hound zombie (D:5)
  A hound skeleton (D:4)
  6 adders
  4 river rats
  A shadow imp (D:6)
  An ooze (D:1)
  An adder skeleton (D:4)
  4 worms
  A dart slug (D:3)
  8 leopard geckos
  16 orcs
  4 giant cockroaches
  8 goblins
  10 hobgoblins
  11 jackals
  3 kobolds
  2 quokkas
  6 ball pythons
  8 bats
  7 frilled lizards
  A leopard gecko zombie (D:5)
  32 rats
164 creatures vanquished.

Notes
Turn   | Place    | Note
-------+----------+-------------------------------------------
     0 | D:1      | Fang the Gargoyle Berserker began the quest for the Orb.
     0 | D:1      | Reached XP level 1. HP: 14/14 MP: 1/1
    44 | D:1      | Reached XP level 2. HP: 8/19 MP: 2/2
   548 | D:1      | You fall through a shaft!
   574 | D:2      | Reached XP level 3. HP: 20/23 MP: 3/3
   684 | D:2      | Noticed Natasha
   690 | D:2      | Killed Natasha
   989 | D:2      | Noticed Natasha
   997 | D:2      | Killed Natasha
   997 | D:2      | Reached XP level 4. HP: 21/29 MP: 4/4
  1136 | D:2      | Reached ** piety under Trog
  1165 | D:2      | Noticed Natasha
  1182 | D:2      | Killed Natasha
  1519 | D:2      | Reached XP level 5. HP: 29/33 MP: 5/5
  1873 | D:2      | Found a snail-covered altar of Cheibriados.
  2805 | D:3      | Reached *** piety under Trog
  3353 | D:4      | Found Seprug's Antique Armour Emporium.
  3423 | D:4      | Found a basalt altar of Yredelemnul.
  3510 | D:4      | Found a glowing drain.
  3663 | Sewer    | Entered a sewer
  3824 | Sewer    | Reached XP level 6. HP: 22/39 MP: 6/6
  4721 | Sewer    | Reached **** piety under Trog
  5157 | D:4      | Reached skill level 5 in Fighting
  5160 | D:4      | Reached XP level 7. HP: 20/44 MP: 7/7
  5574 | D:5      | Entered Level 5 of the Dungeon
  5595 | D:5      | Found Nocless's Antique Armour Emporium.
  5907 | D:5      | Reached skill level 5 in Armour
  6319 | D:5      | Reached XP level 8. HP: 51/51 MP: 8/8
  6346 | D:5      | Found a hide-covered altar of Uskayaw.
  6541 | D:5      | Reached skill level 5 in Axes
  7398 | D:6      | Found a white marble altar of Elyvilon.
  7448 | D:6      | Noticed a two-headed ogre
  7459 | D:6      | HP: 2/78 [two-headed ogre/+0 giant spiked club (10)]
  7460 | D:6      | Slain by a bullfrog

Skill      XL: |  1  2  3  4  5  6  7  8 |
---------------+-------------------------+-----
Axes           | 3 4 5 |  5.4
Dodging        | 2 3 4 |  4.5
Armour         | 3 4 5 6 |  6.0
Fighting       | 4 5 6 |  6.4

Action                   |  1- 3 |  4- 6 |  7- 9 || total
-------------------------+-------+-------+-------++-------
Melee: Hand axe          |    51 |   406 |   230 ||   687
Invok: Berserk           |     2 |     5 |     4 ||    11
  Use: Scroll            |       |     5 |       ||     5
 Stab: Sleeping          |       |     1 |       ||     1
  Eat: Chunk             |     1 |    16 |    11 ||    28
       Ration            |       |     1 |       ||     1
Armor: Animal skin       |    20 |   147 |    85 ||   252
Dodge: Dodged            |    45 |   261 |   160 ||   466
